Map: Cactus Valley LE (Void)

Players

Stephano - Winner!

  • Race: Zerg Zerg
  • League: Grandmaster
  • Spawn Location: 7:00

Railgan

  • Race: Zerg Zerg
  • League: Grandmaster
  • Spawn Location: 1:00

VOD

Have the link to the VOD?

Description

Time

  • Played on: March 24, 2017, 8:55 p.m.
  • Length: 4:29
Show
View Real Time Build Order
Export as new Build Order

Stephano Zerg - Winner!

Build Orders: Hatch First 

Get SALT Encoding   

  12  0:01  Drone  
  13  0:12  Overlord  
  13  0:17  Drone  
  14  0:31  Drone x2  
  14  0:35  Drone  
  17  0:53  Hatchery  
  17  0:54  Drone  
  17  0:57  Drone  
  18  1:09  Extractor  
  17  1:13  Spawning Pool  
  17  1:15  Drone  
  17  1:18  Drone  
  18  1:28  Drone  
  19  1:39  Overlord  
  19  1:59  Queen  
  19  2:00  Evolution Chamber  
  20  2:01  Drone  
  20  2:04  Queen  
  20  2:05  Zergling x2  
  20  2:06  Zergling x2  
  26  2:09  Baneling Nest  
  26  2:11  Zergling x2  
  26  2:17  Zergling x2  
  27  2:28  Zergling x4  
  26  2:37  Zergling x2  
  26  2:43  Metabolic Boost  
  26  2:50  Zergling x2  
  27  2:53  Zergling x2  
  27  2:55  Baneling  
  27  2:57  Baneling  
  28  3:03  Zergling x2  
  28  3:04  Zergling x2  
  30  3:09  Drone  
  31  3:15  Baneling x2  
  27  3:27  Drone x2  
  27  3:29  Zergling x6  
  32  3:37  Zergling x2  
  29  3:42  Zergling x2  
  28  3:50  Zergling x4  
  30  4:02  Drone x2  
  29  4:04  Baneling x2  
  30  4:10  Drone x2  
Show
View Real Time Build Order
Export as new Build Order

Railgan Zerg 

Build Orders: Pool Only 

Get SALT Encoding   

  12  0:20  Spawning Pool  
  11  0:22  Drone  
  11  0:26  Drone  
  13  0:31  Drone  
  14  0:40  Overlord  
  14  0:45  Extractor  
  13  1:07  Zergling x6  
  13  1:08  Queen  
  18  1:18  Zergling x2  
  19  1:29  Zergling x2  
  20  1:41  Zergling x2  
  21  1:51  Zergling x2  
  21  1:52  Metabolic Boost  
  22  2:01  Overlord  
  22  2:12  Baneling Nest, Zergling x2  
  22  2:20  Zergling x6  
  24  2:32  Zergling x2  
  24  2:42  Zergling x2  
  25  2:49  Zergling x6  
  28  2:55  Baneling x3  
  28  3:03  Baneling  
  28  3:04  Zergling x2  
  29  3:17  Overlord  
  25  3:32  Drone  
  25  3:33  Drone x2  
  25  3:35  Zergling x2  
  25  3:40  Zergling x2  
  22  3:51  Zergling x2  
  22  4:02  Zergling x2  
Tags
 
Add a new tag
Caveats
  • Supply blocks, unpowered buildings, or Contaminate may cause inaccurate times.
  • Supply counts are checked every 10 seconds.